 Dungeon Crawl Stone Soup version 0.27-a0-93-g19769c27d7 (webtiles) character file.

Game seed: 15549740493259410273

141 dickylongcocking the Poker (level 5, -9/39 HPs)
             Began as a Human Warper on Jan 16, 2021.
             Killed by nerve-wracking pain
             ... invoked by an orc priest
              (13 damage)
             ... on level 3 of the Dungeon.
             The game lasted 00:03:01 (4132 turns).

dickylongcocking the Poker (Human Warper)           Turns: 4132, Time: 00:03:01

Health: -9/39      AC:  6    Str: 11 (12) XL:     5   Next: 48%
Magic:  8/8        EV: 10    Int: 11 (13) God:
Gold:   117        SH:  5    Dex: 10 (13) Spells: 6/8 levels left

rFire    . . .     SeeInvis .   a - +0 spear
rCold    . . .     Faith    .   (no shield)
rNeg     . . .     Spirit   .   o - +1 ring mail {Will+}
rPois    .         Reflect  +   (no helmet)
rElec    .         Harm     .   (no cloak)
rCorr    .         Rampage  .   (no gloves)
Will     +....                  (no boots)
Stlth    ..........             k - amulet of reflection
HPRegen  0.13/turn              (no ring)
MPRegen  0.11/turn              (no ring)

@: no status effects
A: no striking features
a: no special abilities


You were on level 3 of the Dungeon.
You visited 1 branch of the dungeon, and saw 3 of its levels.

You collected 117 gold pieces.

Inventory:

Hand Weapons
 a - a +0 spear (weapon)
 l - a +4 dagger
Missiles
 e - 4 boomerangs of dispersal (quivered)
 m - 41 bolts
 n - 38 arrows
Armour
 b - a +0 leather armour
 o - a +1 ring mail of willpower (worn)
Jewellery
 k - an amulet of reflection (around neck)
Scrolls
 c - 6 scrolls of identify {unknown}
 d - 4 scrolls of blinking
 g - a scroll of teleportation {unknown}
 h - a scroll of magic mapping {unknown}
 i - a scroll of remove curse {unknown}
 j - a scroll of immolation {unknown}


   Skills:
 * Level 2.4 Fighting
 * Level 5.0 Polearms
 - Level 1.0 Throwing
 - Level 1.0 Armour
 - Level 2.0 Dodging
 - Level 2.0 Spellcasting
 - Level 3.0 Translocations


You had 6 spell levels left.
You knew the following spells:

 Your Spells              Type           Power        Failure   Level
a - Blink                 Tloc           N/A          30%         2

Your spell library contained the following spells:

 Spells                   Type           Power        Failure   Level
 Gell's Gravitas          Tloc           3%           52%         3
 Lesser Beckoning         Tloc           3%           52%         3
 Teleport Other           Tloc           7%           52%         3
 Passage of Golubria      Tloc           N/A          89%         4


Dungeon Overview and Level Annotations

Branches:
Dungeon (3/15)

Altars:


Message History

The orc priest looks encouraged for a moment.
Unknown command.
You hit the orc priest but do no damage.
The orc priest is moderately wounded.
The orc priest hits you with a +0 short sword.
* * * LOW HITPOINT WARNING * * *
Unknown command.
Unknown command.
You hit the orc priest.
The orc priest is moderately wounded.
Unknown command.
You hit the orc priest.
The orc priest is severely wounded.
You block the orc priest's attack.
Unknown command.
You barely miss the orc priest.
The orc priest is severely wounded.
The orc priest calls down the wrath of Beogh upon you.
Pain shoots through your body!
You die...

##########
........#
....... ...<.
... #o# #@# #.##
######..##
..........####
###
.########....#
#.. #..#.# # #..
##...######..#..
##.............
#..#####.###..


You could see an orc priest.

Vanquished Creatures
  6 adders
  A worm (D:2)
  A dart slug (D:1)
  4 leopard geckos
  11 orcs (D:3)
  7 bats
  2 giant cockroaches
  8 goblins
  9 hobgoblins
  6 kobolds
  5 frilled lizards
  8 rats
68 creatures vanquished.

Notes
Turn   | Place    | Note
-------+----------+-------------------------------------------
     0 | D:1      | dickylongcocking the Human Warper began the quest for the
                  | Orb.
     0 | D:1      | Reached XP level 1. HP: 16/16 MP: 3/3
    86 | D:1      | Reached XP level 2. HP: 22/22 MP: 5/5
   312 | D:1      | Reached skill level 3 in Polearms
   399 | D:1      | Reached XP level 3. HP: 23/27 MP: 6/6
   993 | D:2      | Learned a level 2 spell: Blink
  1311 | D:2      | Reached skill level 4 in Polearms
  1311 | D:2      | Reached XP level 4. HP: 14/33 MP: 7/7
  2672 | D:2      | Reached XP level 5. HP: 16/38 MP: 8/8
  3877 | D:3      | Reached skill level 5 in Polearms
  4132 | D:3      | Killed from afar by an orc priest

Illustrated notes

Levels and vault maps discovered:
D:1:      mrwooster_arrival_statue, layout_basic
D:2:      layout_loops_ring, serial_glass, glass_columns_c, glass_columns_b
D:3:      layout_rooms, nrook_campfire

Skill      XL: |  1  2  3  4  5 |
---------------+----------------+-----
Polearms       | 3 4 5 |  5.0
Fighting       | |  2.4
Throwing       | |  1.0
Armour         | |  1.0
Dodging        | |  2.0
Spellcasting   | |  2.0
Translocations | |  3.0

Action                   |  1- 3 |  4- 6 || total
-------------------------+-------+-------++-------
Melee: Spear             |   145 |   252 ||   397
Throw: Boomerang         |     1 |       ||     1
  Use: Potion            |       |     7 ||     7
Armor: Leather armour    |    20 |    23 ||    43
       Skin              |       |     2 ||     2
       Ring mail         |       |    16 ||    16
Dodge: Dodged            |    66 |   105 ||   171
Block: Other             |     3 |    36 ||    39

Table legend: (Time is in decaauts)
 A = Elapsed time spent in this place.
 B = Non-inter-level travel time spent in this place.
 C = Inter-level travel time spent in this place.
 D = Time resting spent in this place.
 E = Time spent auto-exploring this place.
 F = Levels seen in this place.
 G = Mean time per level.
                   A        B        C        D        E       F      G
               +--------+--------+--------+--------+--------+-----+--------+
         Total |   4091 |   3970 |    121 |   1284 |   2087 |   3 | 1363.7 |
       Dungeon |   4091 |   3970 |    121 |   1284 |   2087 |   3 | 1363.7 |
               +--------+--------+--------+--------+--------+-----+--------+

Top non-repeatable levels by time:
     D:2: 2193 daAuts
     D:1: 1163 daAuts
     D:3: 734 daAuts
